 Dungeon Crawl Stone Soup version 0.17-a0-1763-g847a857 (webtiles) character file.

27328 Verem the Eclecticist (level 13, -1/63 HPs)
             Began as a Deep Elf Summoner on Sept 2, 2015.
             Was the Champion of Sif Muna.
             Slain by a black mamba (9 damage)
             ... on level 2 of the Snake Pit on Sept 4, 2015.
             The game lasted 03:35:34 (16297 turns).

Verem the Eclecticist (Deep Elf Summoner)          Turns: 16297, Time: 03:35:34

Health: -1/63      AC: 13    Str:  5    XL:     13   Next: 3%
Magic:  15/35      EV: 15    Int: 26    God:    Sif Muna [******]
Gold:   1000       SH:  0    Dex: 15    Spells: 8 memorised, 9 levels left

rFire  + . .     SeeInvis .     G - +1 great mace (protect)
rCold  . . .     Clarity  .     g - +2 robe {rF+}
rNeg   . . .     SustAt   .     (no shield)
rPois  .         Gourm    .     u - +0 helmet
rElec  .         Spirit   .     K - +1 cloak
rCorr  .         Warding  .     N - +0 pair of gloves
rMut   .         Stasis   .     (no boots)
MR     +....                    o - amulet of faith
Stlth  ++++......               F - ring of invisibility
                                k - ring of stealth

@: very slightly contaminated, somewhat resistant to hostile enchantments,
stealthy
A: no striking features
a: Channel Energy, Forget Spell, Renounce Religion, Evoke Invisibility


You were on level 2 of the Snake Pit.
You worshipped Sif Muna.
Sif Muna was exalted by your worship.
You were not hungry.

You visited 3 branches of the dungeon, and saw 17 of its levels.
You also visited: Labyrinth.

You collected 1097 gold pieces.
You spent 97 gold pieces at shops.

Inventory:

Hand weapons
 G - a +1 great mace of protection (weapon)
Armour
 g - a +2 robe of fire resistance (worn)
 u - a +0 helmet (worn)
 K - a +1 cloak (worn)
 N - a +0 pair of gloves (worn)
 Y - a +0 steam dragon armour
Jewellery
 a - an uncursed ring of see invisible
 k - a ring of stealth (left hand)
 o - an amulet of faith (around neck)
 F - a ring of invisibility (right hand)
 L - an uncursed amulet of guardian spirit
 R - an uncursed ring of protection from fire
Magical devices
 x - a wand of flame (37)
 z - a wand of digging (11)
 D - a wand of polymorph (10)
 I - a wand of frost (10)
 J - a wand of hasting (3)
 O - a wand of disintegration (13)
 V - a wand of draining (8)
Scrolls
 e - 4 scrolls of recharging
 i - 4 scrolls of identify
 j - 2 scrolls of magic mapping
 l - 4 scrolls of remove curse
 q - 3 scrolls of fear
 t - a scroll of enchant armour
 y - 3 scrolls of teleportation
 B - a scroll of blinking
 E - 5 scrolls of enchant weapon
 Q - 2 scrolls of amnesia
Potions
 f - 6 potions of cancellation
 h - a potion of flight
 m - a potion of ambrosia {unknown}
 n - 7 potions of curing
 r - a potion of resistance
 C - a potion of haste
 P - 2 potions of magic {unknown}
 S - 6 potions of brilliance {unknown}
 X - a potion of might {unknown}
Books
 b - a book of Callings

   Spells                             Type                      Level
   a - Summon Small Mammal            Summoning                    1
   b - Call Imp                       Summoning                    2
   c - Call Canine Familiar           Summoning                    3
   d - Summon Guardian Golem          Hexes/Summoning              3
   e - Summon Lightning Spire         Summoning/Air                4
   f - Summon Ice Beast               Ice/Summoning                4
 d - a book of the Dragon

   Spells                             Type                      Level
   a - Flame Tongue                   Conjuration/Fire             1
   b - Cause Fear                     Hexes                        4
   c - Bolt of Fire                   Conjuration/Fire             6
   d - Dragon Form                    Transmutation                7
   e - Dragon's Call                  Summoning                    9
 p - a book of Flames

   Spells                             Type                      Level
   a - Flame Tongue                   Conjuration/Fire             1
   b - Throw Flame                    Conjuration/Fire             2
   c - Conjure Flame                  Conjuration/Fire             3
   d - Inner Flame                    Hexes/Fire                   3
   e - Sticky Flame                   Conjuration/Fire             4
   f - Fireball                       Conjuration/Fire             5
 s - a book of Party Tricks

   Spells                             Type                      Level
   a - Summon Butterflies             Summoning                    1
   b - Apportation                    Translocation                1
   c - Tukima's Dance                 Hexes                        3
   d - Alistair's Intoxication        Transmutation/Poison         4
   e - Invisibility                   Hexes                        6
 v - a book of Beasts

   Spells                             Type                      Level
   a - Summon Butterflies             Summoning                    1
   b - Call Canine Familiar           Summoning                    3
   c - Summon Ice Beast               Ice/Summoning                4
   d - Summon Mana Viper              Hexes/Summoning              5
   e - Summon Hydra                   Summoning                    7
 H - a Necronomicon

   Spells                             Type                      Level
   a - Haunt                          Necromancy/Summoning         7
   b - Borgnjor's Revivification      Necromancy                   8
   c - Death's Door                   Charms/Necromancy            8
   d - Necromutation                  Transmutation/Necromancy     8
 M - a book of Air

   Spells                             Type                      Level
   a - Shock                          Conjuration/Air              1
   b - Swiftness                      Charms/Air                   2
   c - Repel Missiles                 Charms/Air                   2
   d - Static Discharge               Conjuration/Air              3
   e - Lightning Bolt                 Conjuration/Air              5
 U - a book of Dreams

   Spells                             Type                      Level
   a - Ensorcelled Hibernation        Hexes/Ice                    2
   b - Phase Shift                    Translocation                5
   c - Shadow Creatures               Summoning                    5
   d - Silence                        Hexes/Air                    5
   e - Darkness                       Hexes                        6
   f - Mass Confusion                 Hexes                        6
 W - Gizeetta's Reference Book on Creation
   (Sif Muna gifted it to you on level 4 of the Lair of Beasts)

   Spells                             Type                      Level
   a - Summon Butterflies             Summoning                    1
   b - Summon Small Mammal            Summoning                    1
   c - Monstrous Menagerie            Summoning                    6
   d - Summon Horrible Things         Summoning                    8
Comestibles
 c - 11 bread rations
 w - 29 fruits
 A - a meat ration
 Z - 4 beef jerkies


   Skills:
   Level 0.2 Short Blades
 + Level 0.1 Maces & Flails
 + Level 6.1 Dodging
 + Level 5.6 Stealth
 + Level 16.0 Spellcasting
 * Level 15.7 Summonings
 - Level 7.0 Necromancy
 - Level 1.2 Ice Magic
 - Level 2.2 Air Magic
 + Level 6.4 Evocations


You had 9 spell levels left.
You knew the following spells:

 Your Spells              Type           Power        Failure   Level  Hunger
b - Call Imp              Summ           #######.     0%          2    None
c - Call Canine Familiar  Summ           #######.     0%          3    None
d - Summon Lightning Spi  Summ/Air       ######..     1%          4    None
e - Summon Ice Beast      Ice/Summ       ######..     1%          4    None
f - Swiftness             Chrm/Air       ####....     2%          2    None
g - Shadow Creatures      Summ           N/A          1%          5    None
h - Death's Door          Chrm/Necr      #####.....   100%        8    #######
i - Summon Hydra          Summ           #######...   3%          7    #####..


Dungeon Overview and Level Annotations

Branches:
Dungeon (9/15)             Temple (0/1) D:5            Lair (6/8) D:9
  Swamp (0/4) Lair:6        Snake (2/4) Lair:3        Slime (0/6) Lair:6
    Orc: D:9-12

Altars:
Cheibriados
Dithmenos
Gozag
Kikubaaqudgha
Nemelex Xobeh
Okawaru
Qazlal
Ru
Sif Muna
Trog
Xom
Yredelemnul
Jiyva

Shops:
D:4 ?   D:6 (

Annotations:
Lair:4 exclusion: oklob plant


Message History

Blink to where?
Press: ? - help, Dir - move target cursor You are very lightly contaminated with residual magic.
As you read the scroll of blinking, it crumbles to dust.
Found an escape hatch in the floor.
Something grabs your shock serpent. Something bites your shock serpent!!
Your shock serpent dies!
Your shock serpent's corpse dissolves into shadows!
The air sparks with electricity!
Found a plate armour.
Found a stone staircase leading down.
Something misses your black mamba.
Found a wand of magic darts.
The black mamba bites your black mamba!
Found a stone staircase leading down.
The black mamba misses your black mamba.
The black mamba bites your black mamba.
Your black mamba dies!
Your black mamba's corpse dissolves into shadows!
The black mamba bites you!
You die...

... # ###.((.........###
.# #....)..###.N....# .
#.....##).###......#
##......#.###..)#......#
.....####.#####.#...=..#
....##.....## #...######
#..........# #...#
#.......# #...###
#./@S...# #.....#
#>....[.###...###
#.............#
.....>....###..>#
###.......# #...#
##.....## #...# #######
#...# #####


You could see a black mamba.

Vanquished Creatures
  An elephant (Lair:3)
  A wolf (Lair:4)
  2 yaks
  An adder (D:7)
  2 river rats
  2 giant geckos (D:3)
  An orc (D:7)
  A jackal (D:2)
  2 bats
  A rat (D:3)
14 creatures vanquished.

Vanquished Creatures (collateral kills)
  Rupert (Lair:6)
  Kirke (Snake:1)
  2 greater nagas (Snake:2)
  Donald (Snake:1)
  Nessos (Lair:5)
  The ghost of Lizzurd the Basher, a powerful OgFi of Qazlal (Lair:4)
  Josephine (Lair:4)
  The ghost of stevs the Basher, a powerful NaFE of Sif Muna (Lair:1)
  A minotaur (Lab)
  5 hydras
  2 naga warriors
  A catoblepas (Lair:5)
  Erica (D:8)
  3 anacondas
  2 death yaks (Lair:4)
  A naga sharpshooter (Snake:2)
  Nergalle (Lair:2)
  A shock serpent (Snake:2)
  A fire crab (Lair:6)
  A naga ritualist (Snake:1)
  3 mana vipers (Snake:1)
  A salamander (Snake:2)
  17 black mambas
  An oklob plant (Lair:6)
  4 elephants (Lair:4)
  6 spiny frogs
  A naga mage (Snake:2)
  A fire drake (Lair:1)
  5 komodo dragons
  Prince Ribbit (D:7)
  18 blink frogs
  A wyvern (Lair:6)
  3 wraiths (Lair:4)
  Sigmund (D:4)
  4 basilisks
  A hog (Snake:1)
  A steam dragon (D:9)
  8 yaks (Lair:4)
  8 hippogriffs
  4 swamp worms (Lair:6)
  11 wolves
  10 nagas
  An orc warrior (D:6)
  8 water moccasins
  16 porcupines
  3 sky beasts
  3 centaurs
  5 ogres
  A necrophage (D:7)
  2 eyes of draining (D:4)
  2 phantoms
  A black bear (Lair:5)
  10 crocodiles
  A gnoll sergeant (D:8)
  Blork the orc (D:4)
  13 giant frogs
  A wyvern skeleton (D:9)
  2 scorpions
  An electric eel (Lair:6)
  A centaur skeleton (D:4)
  Crazy Yiuf (D:5)
  A giant frog zombie (D:8)
  4 iguanas
  Ijyb (D:3)
  2 hounds
  3 jellies
  4 orc priests
  10 orc wizards
  Natasha (thrice) (D:4)
  5 worker ants
  12 sheep
  A killer bee zombie (D:7)
  A mummy (D:6)
  11 gnolls
  34 river rats
  22 adders
  A shadow imp (D:7)
  A worm (D:2)
  32 orcs
  5 bats
  3 giant cockroaches
  10 hobgoblins
  3 ball pythons
  A giant gecko zombie (D:7)
  3 giant newts
  5 goblins
  17 jackals
  6 kobolds
  A quokka zombie (D:3)
  A rat (D:1)
  2 fungi
  3 plants
420 creatures vanquished.

Vanquished Creatures (others)
  2 humans (Snake:1)
  A naga (Snake:1)
  6 fungi
  4 plants
13 creatures vanquished.

Grand Total: 447 creatures vanquished

Notes
Turn   | Place    | Note
--------------------------------------------------------------
     0 | D:1      | Verem the Deep Elf Summoner began the quest for the Orb.
     0 | D:1      | Reached XP level 1. HP: 10/10 MP: 6/6
   304 | D:1      | Reached XP level 2. HP: 15/15 MP: 8/8
   308 | D:1      | Learned a level 2 spell: Call Imp
   806 | D:2      | Reached XP level 3. HP: 17/19 MP: 8/10
   811 | D:2      | Learned a level 3 spell: Call Canine Familiar
   929 | D:2      | Reached skill level 5 in Summonings
  1170 | D:3      | Noticed Ijyb
  1183 | D:3      | Killed Ijyb
  1277 | D:3      | Reached XP level 4. HP: 5/24 MP: 7/12
  1322 | D:3      | Found a deep blue altar of Sif Muna.
  1326 | D:3      | Became a worshipper of Sif Muna the Loreminder
  1703 | D:3      | Learned a level 4 spell: Summon Lightning Spire
  1882 | D:3      | Noticed a hippogriff
  1892 | D:3      | Killed a hippogriff
  1892 | D:3      | Reached skill level 6 in Summonings
  1892 | D:3      | Reached skill level 1 in Air Magic
  1892 | D:3      | Reached XP level 5. HP: 28/28 MP: 5/14
  1907 | D:3      | Found a shadowy altar of Dithmenos.
  2507 | D:4      | Found a shimmering altar of Xom.
  2582 | D:4      | Noticed Natasha
  2583 | D:4      | Acquired Sif Muna's first power
  2589 | D:4      | Killed Natasha
  2596 | D:4      | Found an iron altar of Okawaru.
  2613 | D:4      | Noticed Sigmund
  2624 | D:4      | Noticed Natasha
  2629 | D:4      | Killed Natasha
  2645 | D:4      | Killed Sigmund
  2645 | D:4      | Reached skill level 7 in Summonings
  2645 | D:4      | Reached XP level 6. HP: 4/32 MP: 10/15
  2821 | D:4      | Reached skill level 5 in Spellcasting
  2860 | D:4      | Noticed an ogre
  2860 | D:4      | Noticed a centaur
  3134 | D:4      | Killed an ogre
  3193 | D:4      | Killed a centaur
  3210 | D:4      | Noticed an ogre
  3211 | D:4      | Noticed Natasha
  3213 | D:4      | Killed Natasha
  3221 | D:4      | Killed an ogre
  3221 | D:4      | Reached XP level 7. HP: 23/36 MP: 12/17
  3323 | D:4      | Acquired Sif Muna's second power
  3430 | D:4      | Found a sacrificial altar of Ru.
  3467 | D:4      | Found a bloodstained altar of Trog.
  3470 | D:4      | Noticed an eye of draining
  3470 | D:4      | Noticed an eye of draining
  3484 | D:4      | Killed an eye of draining
  3484 | D:4      | Reached skill level 8 in Summonings
  3488 | D:4      | Killed an eye of draining
  3640 | D:4      | Noticed Blork the orc
  3653 | D:4      | Killed Blork the orc
  3667 | D:4      | Found Bofuhere's Magic Scroll Shop.
  3670 | D:4      | Bought a scroll of blinking for 97 gold pieces
  3800 | D:5      | Entered Level 5 of the Dungeon
  3814 | D:5      | Learned a level 4 spell: Summon Ice Beast
  4319 | D:5      | Noticed Crazy Yiuf
  4328 | D:5      | Killed Crazy Yiuf
  4423 | D:5      | Found a staircase to the Ecumenical Temple.
  4451 | D:5      | Reached skill level 1 in Evocations
  4487 | D:5      | Learned a level 2 spell: Swiftness
  4584 | D:6      | Found a sparkling altar of Nemelex Xobeh.
  4699 | D:6      | Reached XP level 8. HP: 33/41 MP: 11/20
  4910 | D:6      | Found Jaovimygh's Antique Weapon Shop.
  4963 | D:6      | Found an ancient bone altar of Kikubaaqudgha.
  4998 | D:6      | Reached skill level 1 in Ice Magic
  5120 | D:6      | Found a snail-covered altar of Cheibriados.
  5395 | D:6      | Found an opulent altar of Gozag.
  5988 | D:7      | Found a basalt altar of Yredelemnul.
  6036 | D:7      | Reached skill level 9 in Summonings
  6180 | D:7      | Noticed Prince Ribbit
  6193 | D:7      | Killed Prince Ribbit
  6418 | D:7      | Learned a level 5 spell: Shadow Creatures
  6467 | D:7      | Found a stormy altar of Qazlal.
  6942 | D:8      | Noticed Erica
  6981 | D:8      | Killed Erica
  6981 | D:8      | Acquired Sif Muna's third power
  6981 | D:8      | Reached XP level 9. HP: 36/45 MP: 8/24
  7577 | D:9      | Reached skill level 10 in Summonings
  7591 | D:9      | Found a staircase to the Lair.
  7605 | Lair:1   | Entered Level 1 of the Lair of Beasts
  7607 | Lair:1   | Noticed a five-headed hydra
  7617 | Lair:1   | Killed a five-headed hydra
  7642 | Lair:1   | Reached skill level 10 in Spellcasting
  7967 | Lair:1   | Noticed a fire drake
  7979 | Lair:1   | Noticed stevs's ghost (powerful NaFE)
  7982 | Lair:1   | Killed a fire drake
  7990 | Lair:1   | Killed stevs's ghost
  7990 | Lair:1   | Reached skill level 5 in Evocations
  8132 | Lair:1   | Noticed a komodo dragon
  8153 | Lair:1   | Killed a komodo dragon
  8153 | Lair:1   | Reached skill level 11 in Spellcasting
  8360 | Lair:1   | Reached XP level 10. HP: 50/50 MP: 23/27
  8523 | Lair:2   | Noticed a four-headed hydra
  8540 | Lair:2   | Killed a four-headed hydra
  8598 | Lair:2   | Noticed Nergalle
  8612 | Lair:2   | Killed Nergalle
  8612 | Lair:2   | Received a gift from Sif Muna
  8655 | Lair:2   | Reached skill level 5 in Stealth
  9143 | Lair:2   | Learned a level 8 spell: Death's Door
  9152 | Lair:2   | Reached skill level 12 in Spellcasting
  9341 | Lair:3   | Found a staircase to the Snake Pit.
  9375 | Lair:3   | Reached skill level 1 in Necromancy
  9919 | Lair:3   | Reached skill level 13 in Spellcasting
 10187 | Lair:3   | Upgraded the game from 0.17-a0-1760-ga6756ae to 0.17-a0-1763-g847a857
 10540 | Lair:4   | Noticed a black mamba
 10543 | Lair:4   | Noticed a black mamba
 10548 | Lair:4   | Noticed an elephant
 10549 | Lair:4   | Killed a black mamba
 10552 | Lair:4   | Found a labyrinth entrance.
 10554 | Lair:4   | Noticed an elephant
 10555 | Lair:4   | Noticed an elephant
 10557 | Lair:4   | Noticed an elephant
 10558 | Lair:4   | Noticed an elephant
 10559 | Lair:4   | Killed a black mamba
 10565 | Lair:3   | Killed an elephant
 10565 | Lair:3   | Reached skill level 5 in Necromancy
 10569 | Lair:3   | Reached skill level 5 in Dodging
 10740 | Lair:4   | Reached XP level 11. HP: 54/54 MP: 11/30
 10806 | Lair:4   | Killed an elephant
 10881 | Lair:4   | Killed an elephant
 11000 | Lab      | Entered a labyrinth
 11174 | Lab      | Noticed a minotaur
 11188 | Lab      | Killed a minotaur
 11235 | Lab      | Learned a level 7 spell: Summon Hydra
 11257 | Lair:4   | Noticed Lizzurd's ghost (powerful OgFi)
 11451 | Lair:4   | Killed an elephant
 11523 | Lair:4   | Noticed an oklob plant
 11929 | Lair:4   | Noticed a death yak
 12051 | Lair:4   | Noticed a death yak
 12074 | Lair:4   | Killed a death yak
 12150 | Lair:4   | Noticed Josephine
 12249 | Lair:4   | Killed Josephine
 12432 | Lair:5   | Noticed a catoblepas
 12993 | Lair:5   | Killed a catoblepas
 12993 | Lair:5   | Reached skill level 14 in Spellcasting
 13099 | Lair:5   | Noticed Nessos
 13221 | Lair:5   | Killed Nessos
 13498 | Lair:6   | Noticed a six-headed hydra
 13508 | Lair:6   | Killed a six-headed hydra
 13759 | Lair:6   | Noticed Rupert
 13776 | Lair:6   | Killed Rupert
 13776 | Lair:6   | Reached XP level 12. HP: 59/59 MP: 10/32
 13829 | Lair:6   | Found a viscous altar of Jiyva.
 13829 | Lair:6   | Found a staircase to the Slime Pits.
 13966 | Lair:6   | Noticed a five-headed hydra
 14795 | Lair:6   | Found a staircase to the Swamp.
 14856 | Lair:6   | Noticed a seven-headed hydra
 14858 | Lair:6   | Killed a seven-headed hydra
 14891 | Lair:6   | Killed a five-headed hydra
 15012 | Lair:4   | Killed a death yak
 15032 | Lair:4   | Killed an elephant
 15032 | Lair:4   | Received a gift from Sif Muna
 15200 | Lair:4   | Identified Gizeetta's Reference Book on Creation (Sif Muna gifted it to you on level 4 of the Lair of Beasts)
 15212 | Lair:4   | Killed Lizzurd's ghost
 15376 | Snake:1  | Entered Level 1 of the Snake Pit
 15376 | Snake:1  | Noticed a naga warrior
 15384 | Snake:1  | Killed a naga warrior
 15455 | Snake:1  | Reached skill level 15 in Spellcasting
 15530 | Snake:1  | Noticed Donald
 15541 | Snake:1  | Killed Donald
 15560 | Snake:1  | Noticed Kirke
 15567 | Snake:1  | Killed Kirke
 15654 | Snake:1  | Reached skill level 15 in Summonings
 15812 | Snake:1  | Noticed an anaconda
 15819 | Snake:1  | Killed an anaconda
 15931 | Snake:2  | Noticed a naga warrior
 15943 | Snake:2  | Killed a naga warrior
 15946 | Snake:2  | Noticed a naga warrior
 15952 | Snake:2  | Received a gift from Sif Muna
 15955 | Snake:2  | Noticed a greater naga
 15965 | Snake:2  | Found an iron altar of Okawaru.
 15970 | Snake:2  | Noticed an anaconda
 15972 | Snake:2  | Killed an anaconda
 15978 | Snake:2  | Killed a greater naga
 16259 | Snake:2  | Noticed an anaconda
 16267 | Snake:2  | Killed an anaconda
 16272 | Snake:2  | Noticed a greater naga
 16276 | Snake:2  | Killed a greater naga
 16276 | Snake:2  | Reached skill level 16 in Spellcasting
 16276 | Snake:2  | Reached XP level 13. HP: 29/63 MP: 10/35
 16278 | Snake:2  | Noticed an anaconda
 16297 | Snake:2  | Slain by a black mamba

Vault maps used:
D:1:      minmay_arrival_diagonal_passages, hangedman_decor_riveting,
          minmay_shallow_snake_nest
D:3:      led_sif_book, lemuel_round_altar, uniq_iyjb
D:4:      okawaru_metal_pillars_3, lemuel_doored_altar, trog_eyes_of_draining,
          nicolae_overflow_crystal_walls, serial_shops, kennysheep_mini_moat,
          uniq_blork_the_orc, uniq_sigmund, uniq_natasha
D:5:      minmay_temple_entry_nine_rooms, first_bread, uniq_crazy_yiuf_cottage
D:6:      grunt_gozag_breadcrumbs, slow_altar_1, old_standard_altar,
          overflow_temple_1_default, serial_shops, kennysheep_mini
D:7:      kennysheep_little_box, lemuel_crystal_altar, uniq_prince_ribbit1
D:8:      uniq_erica
D:9:      tso_oasis_becter, lair_0_dummy
Lair:2:   cheibrodos_lair_reptile_den, uniq_nergalle
Lair:3:   guppyfry_snake_entry_island, beast_lair_carwin_10, grunt_megastairs_4,
          lemuel_fruit_fields
Lair:4:   lab_entry_generic, beast_lair_carwin_5, uniq_josephine
Lair:5:   minmay_hedge_maze, grunt_forest_large_clearings, uniq_nessos
Lair:6:   nicolae_swamp_entry_splash_gauntlet, slime_altar_1,
          infiniplex_staircase_pool_2, grunt_megastairs_2, uniq_rupert
Snake:1:  uniq_kirke, uniq_donald
Snake:2:  basic_altar, grunt_ministairs_9, uniq_aizul, uniq_vashnia
Lab:      labyrinth_hidden_loot, labyrinth_skeletal_remains

Action                   |  1- 3 |  4- 6 |  7- 9 | 10-12 | 13-15 || total
-------------------------+-------+-------+-------+-------+-------++-------
Melee: Short sword       |    13 |     9 |       |       |       ||    22
       Dagger            |       |     6 |    12 |    10 |       ||    28
       Unarmed           |       |     1 |       |       |       ||     1
       Rapier            |       |       |       |     4 |       ||     4
       Great mace        |       |       |       |    11 |       ||    11
 Cast: Summon Small Mamm |    19 |       |       |       |       ||    19
       Call Imp          |    23 |    29 |     9 |     8 |       ||    69
       Call Canine Famil |     3 |    13 |    29 |    43 |       ||    88
       Summon Lightning  |       |     4 |    12 |    16 |       ||    32
       Summon Ice Beast  |       |       |    39 |    44 |       ||    83
       Shadow Creatures  |       |       |    13 |   115 |       ||   128
       Summon Hydra      |       |       |       |    36 |       ||    36
       Swiftness         |       |       |       |     2 |       ||     2
Invok: Channel Energy    |       |       |     1 |     1 |       ||     2
 Abil: Evoke Invisibilit |       |       |       |     2 |       ||     2
Evoke: Wand              |       |       |       |    17 |       ||    17
  Use: Scroll            |       |       |    17 |    17 |     1 ||    35
       Potion            |       |       |     2 |     8 |     1 ||    11
 Stab: Sleeping          |     2 |       |     3 |       |       ||     5
  Eat: Chunk             |     2 |     6 |    14 |    28 |       ||    50
       Pizza             |       |     1 |       |     1 |       ||     2
       Royal jelly       |       |       |     1 |     1 |       ||     2
       Meat ration       |       |       |     1 |     3 |       ||     4
       Beef jerky        |       |       |       |     1 |       ||     1
